AoeStats
← JanMa

Arena

509965132Analyzed
3v3 RM · 4d ago on Sep 28, 2026· 85m 33s· 6 players
Game mode
Random Map
Map size
Normal (6 player)
Population
200
Speed
Normal
Resources
Standard
Victory
Conquest
Starting age
Dark Age
Ending age
Imperial Age
RankedLock teamsTeams togetherTeam positionsShared explorationLock speedFull tech treeHidden civsTurbo modeCheats
Victory
Defeat
🇨🇿 Tatars · Czechia
1000
+12
🇨🇿 Vikings · Czechia
997
+12
🇨🇿 Goths · Czechia
934
+16
🇲🇽 Saxons · Mexico
939
-14
🇯🇴 Bohemians · Jordan
906
-13
904
-13
NordicPain
10:03 Feudal Age
12:36 Loom
14:56 Castle Age
13:26 Stone Mining
13:53 Double-Bit Axe
14:42 Horse Collar
18:11 Fletching
26:02 Wheelbarrow
31:58 Ballistics
34:42 Forging
34:33 Scale Mail Armor
35:43 Bow Saw
38:32 Heavy Plow
41:16 Imperial Age
42:51 Pikeman
43:17 Gambesons
43:57 Squires
45:34 Two-Man Saw
44:38 Halberdier
45:20 Arson
47:25 Iron Casting
47:06 Chain Mail Armor
51:30 Plate Mail Armor
52:57 Crop Rotation
53:24 Hand Cart
52:57 Town Watch
53:44 Shield Wall
54:45 Conscription
55:09 Gold Mining
58:30 Capped Ram
59:27 Siege Ram
61:52 Clerical Recruitment
63:33 Block Printing
63:39 Sanctity
64:54 Elite Varangian Guard
65:06 Elite Varangian Guard
70:00 Caravan
74:05 Hoardings
74:49 Elite Hearth Troop
Hamzah_IronX
11:17 Feudal Age
9:33 Loom
17:26 Castle Age
16:19 Double-Bit Axe
16:16 Horse Collar
31:51 Imperial Age
31:51 Chemistry
33:48 Fletching
35:04 Bow Saw
35:01 Heavy Plow
36:37 Wheelbarrow
35:47 Town Watch
39:20 Elite Skirmisher
41:08 Bodkin Arrow
42:10 Hand Cart
41:56 Town Patrol
42:06 Arrowslits
44:48 Two-Man Saw
44:08 Bracer
46:15 Padded Archer Armor
46:16 Scale Mail Armor
55:38 Elite Hussite Wagon
67:46 Arson
68:02 Squires
68:54 Pikeman
71:27 Leather Archer Armor
71:24 Forging
♞♕❤Staffan❤♕ ツ シ
9:11 Loom
10:57 Feudal Age
12:17 Double-Bit Axe
16:50 Castle Age
15:33 Fletching
15:46 Padded Archer Armor
16:37 Stone Mining
20:00 Bow Saw
25:26 Horse Collar
25:55 Gold Mining
28:04 Leather Archer Armor
27:37 Treadmill Crane
29:41 Wheelbarrow
29:06 Bodkin Arrow
29:25 Town Watch
32:50 Imperial Age
31:19 Corvinian Army
31:36 Husbandry
31:44 Heavy Plow
32:48 Gold Shaft Mining
32:55 Thumb Ring
33:53 Conscription
33:34 Recurve Bow
34:06 Parthian Tactics
35:08 Two-Man Saw
35:04 Ballistics
35:45 Chemistry
36:05 Heavy Cavalry Archer
38:07 Ring Archer Armor
38:11 Bracer
40:37 Elite Magyar Huszar
43:07 Scale Barding Armor
56:26 Chain Barding Armor
58:46 Caravan
62:35 Crop Rotation
62:52 Hand Cart
70:37 Bloodlines
69:48 Light Cavalry
72:08 Hussar
80:49 Siege Engineers
Kompot
9:45 Feudal Age
14:16 Castle Age
13:21 Double-Bit Axe
14:11 Loom
17:10 Scale Barding Armor
19:52 Forging
21:32 Wheelbarrow
21:18 Husbandry
21:22 Gold Mining
22:57 Fletching
23:29 Bow Saw
24:21 Bloodlines
24:13 Horse Collar
25:15 Bodkin Arrow
25:26 Town Watch
27:25 Ballistics
29:16 Heavy Plow
32:37 Imperial Age
31:26 Stone Mining
32:13 Gold Shaft Mining
32:48 Heavy Cavalry Archer
33:30 Bracer
33:31 Padded Archer Armor
33:38 Light Cavalry
35:33 Chemistry
35:16 Leather Archer Armor
35:22 Chain Barding Armor
35:38 Iron Casting
35:26 Timurid Siegecraft
35:18 Hussar
37:08 Hand Cart
36:53 Town Patrol
41:57 Blast Furnace
41:28 Ring Archer Armor
42:32 Plate Barding Armor
44:12 Crop Rotation
46:00 Silk Armor
50:03 Siege Engineers
51:27 Caravan
73:58 Conscription
75:34 Masonry
75:21 Murder Holes
VelkyChobot
9:37 Feudal Age
15:40 Castle Age
14:12 Double-Bit Axe
14:34 Horse Collar
17:47 Bow Saw
21:15 Gold Mining
30:51 Imperial Age
30:34 Scale Mail Armor
30:35 Loom
32:36 Stone Mining
33:15 Forging
33:21 Chain Mail Armor
36:13 Fletching
38:01 Two-Man Saw
37:20 Caravan
37:42 Elite Varangian Guard
39:00 Squires
39:34 Plate Mail Armor
41:27 Iron Casting
40:42 Arson
44:42 Blast Furnace
46:01 Bodkin Arrow
46:07 Padded Archer Armor
46:45 Ballistics
47:26 Chemistry
45:54 Elite Skirmisher
47:48 Bracer
48:04 Leather Archer Armor
77:49 Town Watch
JanMa
0:31 Loom
9:14 Feudal Age
9:58 Double-Bit Axe
11:20 Horse Collar
18:28 Castle Age
18:16 Gold Mining
18:19 Stone Mining
18:49 Scale Mail Armor
18:59 Forging
19:11 Forging
22:03 Bow Saw
22:46 Town Watch
23:55 Wheelbarrow
24:41 Pikeman
25:41 Squires
28:08 Heavy Plow
27:41 Man-at-Arms
28:46 Long Swordsman
32:45 Imperial Age
30:34 Hand Cart
30:38 Murder Holes
33:29 Perfusion
33:50 Conscription
35:55 Two-Man Saw
34:30 Two-Handed Swordsman
35:09 Champion
36:08 Chain Mail Armor
36:35 Halberdier
38:11 Anarchy
42:04 Elite Skirmisher
42:39 Fletching
42:49 Padded Archer Armor
43:24 Iron Casting
43:24 Elite Huskarl
44:54 Leather Archer Armor
44:34 Bodkin Arrow
50:45 Bracer
51:15 Ring Archer Armor
51:45 Blast Furnace
51:19 Crop Rotation
52:28 Town Patrol
52:50 Scale Barding Armor
69:56 Stone Shaft Mining
85:24 Chemistry
84:45 Ballistics
84:31 Caravan
85:01 Coinage
84:46 Guilds
Connection lost

Rejoining the realm…

Still unreachable

The connection could not be restored.

Session expired

The server has moved on; the page needs a fresh start.